 Dungeon Crawl Stone Soup version 0.23.0 (webtiles) character file.

Game seed: 662973560206140212

8999 Mgcat the Ducker (level 11, 0/82 (83) HPs)
             Began as a Gnoll Wanderer on Feb 11, 2019.
             Was a Plaything of Xom.
             Slain by an unseen horror (3 damage)
             ... on level 11 of the Dungeon.
             The game lasted 00:28:16 (11812 turns).

Mgcat the Ducker (Gnoll Wanderer)                  Turns: 11812, Time: 00:28:16

HP:   0/82 (83)     AC: 11    Str: 13    XL:     11   Next: 39%
MP:   20/20         EV: 13    Int: 12    God:    Xom [...*..]
Gold: 296           SH:  0    Dex: 16    Spells: 16/22 levels left

rFire    . . .     SeeInvis .   a - +3 dagger
rCold    . . .     Gourm    .   (no shield)
rNeg     . . .     Faith    .   l - +0 scale mail
rPois    .         Spirit   .   m - +1 helmet
rElec    .         Reflect  .   r - +0 cloak
rCorr    .         Harm     .   (no gloves)
MR       .....                  (no boots)
Stlth    ++........             (no amulet)
HPRegen  0.23/turn              C - ring of wizardry {Wiz+, !d}
MPRegen  0.17/turn              o - +3 ring of slaying

@: about to teleport
A: distributed training, fangs 1, clumsy 1, dopey 1, weak 1, strong nose
a: Renounce Religion


You were on level 11 of the Dungeon.
You worshipped Xom.
You were a favourite toy of Xom.
You were hungry.

You visited 1 branch of the dungeon, and saw 11 of its levels.

You collected 716 gold pieces.
You spent 420 gold pieces at shops.

Inventory:

Hand Weapons
 a - a +3 dagger (weapon)
 B - a +4 halberd of freezing
   (You took it off a wight on level 8 of the Dungeon)
Missiles
 u - 8 exploding tomahawks (quivered)
Armour
 l - a +0 scale mail (worn)
   (You found it on level 4 of the Dungeon)
 m - a +1 helmet (worn)
   (You found it on level 3 of the Dungeon)
 r - a +0 cloak (worn)
   (You found it on level 5 of the Dungeon)
Jewellery
 n - a +2 ring of dexterity
   (You found it on level 2 of the Dungeon)
 o - a +3 ring of slaying (right hand)
   (You found it on level 1 of the Dungeon)
 q - a +2 ring of protection
   (You found it on level 2 of the Dungeon)
 C - a ring of wizardry (left hand) {Wiz+, !d}
   (You bought it in a shop on level 9 of the Dungeon)
Wands
 g - a wand of flame (5)
   (You found it on level 5 of the Dungeon)
 t - a wand of random effects (12)
   (You found it on level 5 of the Dungeon)
 y - a wand of polymorph (14)
   (You found it on level 6 of the Dungeon)
Scrolls
 b - 3 scrolls of fear
 e - 2 scrolls of identify
 h - a scroll of magic mapping {!r}
 j - 2 scrolls of remove curse
 k - a scroll of teleportation
 w - 2 scrolls of enchant armour
 z - a scroll of enchant weapon
 D - 3 scrolls of amnesia
Potions
 c - 4 potions of curing
 d - 4 potions of brilliance
 i - a potion of invisibility {unknown}
 s - a potion of haste {unknown}
 v - 3 potions of lignification {!q}
 x - a potion of agility
 A - a potion of flight
Comestibles
 f - 16 rations


   Skills:
 + Level 6.7 Fighting
 + Level 7.7 Short Blades
 + Level 6.1 Long Blades
 + Level 6.1 Axes
 + Level 6.1 Maces & Flails
 + Level 6.1 Polearms
 + Level 6.1 Staves
 + Level 6.1 Slings
 + Level 6.1 Bows
 + Level 6.1 Crossbows
 + Level 6.1 Throwing
 + Level 6.1 Armour
 + Level 7.7 Dodging
 + Level 7.5 Stealth
 + Level 6.1 Shields
 + Level 6.1 Unarmed Combat
 + Level 6.1 Spellcasting
 + Level 5.1 Conjurations
 + Level 5.5 Hexes
 + Level 5.1 Charms
 + Level 5.1 Summonings
 + Level 5.1 Necromancy
 + Level 5.1 Translocations
 + Level 5.1 Transmutations
 + Level 6.4 Fire Magic
 + Level 5.1 Ice Magic
 + Level 5.1 Air Magic
 + Level 5.1 Earth Magic
 + Level 5.1 Poison Magic
 + Level 6.7 Invocations
 + Level 6.1 Evocations


You had 16 spell levels left.
You knew the following spells:

 Your Spells              Type           Power        Failure   Level  Hunger
a - Apportation           Tloc           ###...       3%          1    None
b - Poisonous Vapours     Pois/Air       ###...       6%          2    ##.....
c - Conjure Flame         Conj/Fire      ###.....     9%          3    ###....

Your spell library contained the following spells:

 Spells                   Type           Power        Failure   Level  Hunger
 Freeze                   Ice            ###.         3%          1    None
 Throw Frost              Conj/Ice       ###...       6%          2    ##.....
 Lesser Beckoning         Tloc           ###.......   11%         3    ###....
 Mephitic Cloud           Conj/Pois/Air  ###.....     11%         3    ###....
 Ozocubu's Armour         Chrm/Ice       ###.....     11%         3    ###....
 Summon Ice Beast         Ice/Summ       ###.....     32%         4    ####...
 Throw Icicle             Conj/Ice       ###.....     32%         4    ####...
 Freezing Cloud           Conj/Ice/Air   ###.......   99%         6    #######
 Ring of Flames           Chrm/Fire      ###.......   100%        7    #######


Dungeon Overview and Level Annotations

Branches:
Dungeon (11/15)            Temple (0/1) D:5            Lair (0/6) D:11
    Orc: D:9-12

Altars:
Qazlal
Ru
Sif Muna
Trog
Vehumet
Xom
Yredelemnul
Zin

Shops:
D:6 :   D:9 =

Annotations:
D:9 3 runed translucent doors, exclusion: ice statue


Innate Abilities, Weirdness & Mutations

Your experience applies equally to all skills.
You have very sharp teeth.
Your uncanny sense of smell can sniff out nearby items.
You are clumsy. (Dex -2)
You are dopey. (Int -2)
You are weak. (Str -2)


Message History

There isn't anything to butcher here.
Eating one of 2 chunks of flesh {@w0}.
You eat one of the 2 chunks of flesh {@w0}.
This raw flesh tastes terrible.
Unknown command.
Unknown command.
You start resting.
The yak is too close now for your liking.
Spoiler Alert: The yak can hit for moderate damage in melee!
The yak gores you but does no damage.
You hit the yak.
The yak is severely wounded.
You hit the yak but do no damage.
The yak is severely wounded.
The yak closely misses you.
Spoiler Alert: The yak can hit for moderate damage in melee!
You barely miss the yak. You bite the yak, but do no damage.
The yak is severely wounded.
The yak gores you.
* * * LOW HITPOINT WARNING * * *
You take 6 damage, and have 16/82 hp.
You hit the yak. You bite the yak, but do no damage.
The yak is almost dead.
Spoiler Alert: The yak can hit for moderate damage in melee!
You completely miss the yak.
The yak is almost dead.
The yak barely misses you.
You hit the yak.
The yak is almost dead.
You hit the yak.
You kill the yak!
You start resting.
All of the chunks of flesh in your inventory have rotted away.
HP restored.
You regained 52 hp, and now have 69/82 hp.
Found a staircase to the Lair.
p - a scroll labeled EBEAPP COEHUNK
As you read the scroll labeled EBEAPP COEHUNK, it crumbles to dust.
Your body is wracked with pain!
It was a scroll of torment.
You take 34 damage, and have 36/82 hp.
MASSIVE DAMAGE!!
You are feeling hungry.
You regained 14 hp, and now have 50/82 hp.
Unknown command.
Unknown command.
You start resting.
You hear Xom's maniacal laughter.
You feel off-balance for a moment.
You regained 11 hp, and now have 62/82 hp.
Something hits you but does no damage.
Deactivating autopickup; reactivate with Ctrl-A.
You regained 5 hp, and now have 67/82 hp.
No target in view!
No target in view!
You puncture something! Something hits you.
You take 4 damage, and have 63/82 hp.
You completely miss something. Something hits you but does no damage.
You swing at nothing.
Something hits you but does no damage.
You swing at nothing.
Something hits you but does no damage.
You swing at nothing.
Something hits you!
You take 8 damage, and have 55/82 hp.
You swing at nothing.
Something hits you.
You take 5 damage, and have 50/82 hp.
You swing at nothing.
Something hits you!
You take 8 damage, and have 42/82 hp.
You swing at nothing.
Something hits you but does no damage. Something hits you but does no damage.
Something barely misses you.
A centaur comes into view.
Spoiler Alert: The centaur (wandering) is fast and can hit for moderate damage at range!
The centaur shouts!
Something hits you.
The centaur wields a +0 shortbow.
The centaur shoots an arrow.
The arrow hits you.
You see here an arrow.
You take 8 damage, and have 34/82 hp.
Spoiler Alert: The centaur is fast and can hit for moderate damage at range!
Something hits you!
The centaur shoots an arrow.
The arrow hits you.
* * * LOW HITPOINT WARNING * * *
You see here an arrow.
You take 12 damage, and have 22/82 hp.
You hit something. You bite something. Something hits you.
* * * LOW HITPOINT WARNING * * *
The centaur shoots an arrow.
The arrow hits you but does no damage.
You take 5 damage, and have 17/82 hp.
Spoiler Alert: The centaur is fast and can hit for moderate damage at range!
Something hits you!
* * * LOW HITPOINT WARNING * * *
The centaur shoots an arrow.
The arrow barely misses you.
You see here 2 arrows.
You take 8 damage, and have 9/82 hp.
Something hits you.
* * * LOW HITPOINT WARNING * * *
The centaur shoots an arrow.
The arrow hits you.
* * * LOW HITPOINT WARNING * * *
You see here an arrow.
You take 7 damage, and have 2/82 hp.
Spoiler Alert: The centaur is fast and can hit for moderate damage at range!
Something hits you but does no damage.
As you read the scroll of teleportation, it crumbles to dust.
You feel strangely unstable. Something hits you.
You die...

.................................
.................................
.................................
.................................
.................................
...........#####.................
...........# #.................
........Y..# #.................
..........Y# #@................
.#####.....#####(................
.# #........((.................
.# #..............(............
Y# #...........................
.#####...........................
.................#####...........
..........c._....# ...........
.........>.......# ..........


You could see a centaur.

Vanquished Creatures
  A two-headed ogre (D:10)
  Pikel (D:6)
  A centaur skeleton (D:10)
  A queen bee (D:8)
  2 trolls
  3 hippogriffs
  Sigmund (D:3)
  A wyvern (D:10)
  5 yaks (D:11)
  A hungry ghost (D:9)
  5 sky beasts
  2 phantoms
  A slave (D:6)
  4 orc warriors
  2 ice beasts
  2 necrophages
  4 ogres
  4 centaurs
  A crocodile (D:9)
  6 bullfrogs
  3 wyvern zombies
  2 gnoll sergeants
  A wyvern skeleton (D:11)
  2 scorpions (D:11)
  19 killer bees
  12 wights
  3 bullfrog skeletons
  3 hounds
  6 orc priests
  4 jellies
  8 orc wizards
  Jessica (D:5)
  5 iguanas
  2 worker ants
  2 hound zombies
  3 hound skeletons
  A howler monkey zombie (D:9)
  2 worker ant zombies
  17 gnolls
  4 adders
  2 shadow imps
  An ooze (D:3)
  A worm (D:2)
  5 leopard geckos
  23 orcs
  3 giant cockroaches
  6 goblins
  5 hobgoblins
  20 jackals
  2 quokkas
  3 ball pythons
  5 bats
  5 frilled lizards
  9 kobolds
  A leopard gecko zombie (D:5)
  A quokka skeleton (D:5)
  A quokka zombie (D:8)
  2 rats
243 creatures vanquished.

Vanquished Creatures (collateral kills)
  A centaur skeleton (D:6)
1 creature vanquished.

Vanquished Creatures (others)
  A slave (D:6)
  3 orc wizards (D:5)
  A hound skeleton (D:5)
  An orc (D:9)
6 creatures vanquished.

Grand Total: 250 creatures vanquished

Notes
Turn   | Place    | Note
-------+----------+-------------------------------------------
     0 | D:1      | Mgcat the Gnoll Wanderer began the quest for the Orb.
     0 | D:1      | Mgcat set off with the following items: a +2 dagger, a
                  | scroll of fear, a +0 robe, a ration; and the following
                  | spell memorised: Apportation; and the following spells
                  | available to memorise: Lesser Beckoning
     0 | D:1      | Reached XP level 1. HP: 17/17 MP: 1/1
    58 | D:1      | Reached skill level 2 in Hexes
   110 | D:1      | Reached XP level 2. HP: 23/23 MP: 2/2
   392 | D:1      | You fall through a shaft!
   495 | D:2      | Reached XP level 3. HP: 25/28 MP: 3/3
  1153 | D:2      | Reached skill level 1 in Invocations
  1361 | D:2      | Reached skill level 1 in Long Blades
  1361 | D:2      | Reached skill level 1 in Axes
  1361 | D:2      | Reached skill level 1 in Maces & Flails
  1361 | D:2      | Reached skill level 1 in Polearms
  1361 | D:2      | Reached skill level 1 in Staves
  1361 | D:2      | Reached skill level 1 in Slings
  1361 | D:2      | Reached skill level 1 in Bows
  1361 | D:2      | Reached skill level 1 in Crossbows
  1361 | D:2      | Reached skill level 1 in Throwing
  1361 | D:2      | Reached skill level 1 in Armour
  1361 | D:2      | Reached skill level 1 in Shields
  1361 | D:2      | Reached skill level 1 in Unarmed Combat
  1361 | D:2      | Reached skill level 1 in Spellcasting
  1361 | D:2      | Reached skill level 1 in Evocations
  1397 | D:2      | Reached XP level 4. HP: 30/34 MP: 5/5
  1720 | D:3      | Noticed Sigmund
  1721 | D:3      | Gained mutation: You evolve. [potion of mutation]
  1721 | D:3      | Gained mutation: You are resistant to hostile enchantments.
                  | (MR+) [potion of mutation]
  1725 | D:3      | Killed Sigmund
  1725 | D:3      | Reached skill level 3 in Fighting
  1725 | D:3      | Reached skill level 1 in Conjurations
  1725 | D:3      | Reached skill level 1 in Charms
  1725 | D:3      | Reached skill level 1 in Summonings
  1725 | D:3      | Reached skill level 1 in Necromancy
  1725 | D:3      | Reached skill level 1 in Translocations
  1725 | D:3      | Reached skill level 1 in Transmutations
  1725 | D:3      | Reached skill level 4 in Fire Magic
  1725 | D:3      | Reached skill level 1 in Ice Magic
  1725 | D:3      | Reached skill level 1 in Air Magic
  1725 | D:3      | Reached skill level 1 in Earth Magic
  1725 | D:3      | Reached skill level 1 in Poison Magic
  1725 | D:3      | Reached skill level 2 in Invocations
  1725 | D:3      | Reached XP level 5. HP: 41/41 MP: 5/7
  1725 | D:3      | Reached XP level 6. HP: 47/47 MP: 5/8
  1762 | D:3      | Gained mutation: You are weak. (Str -2) [evolution]
  1762 | D:3      | Lost mutation: You evolve. [end of evolution]
  1810 | D:3      | Lost mutation: You are weak. (Str -2) [potion of mutation]
  1810 | D:3      | Lost mutation: You are resistant to hostile enchantments.
                  | (MR+) [potion of mutation]
  1810 | D:3      | Gained mutation: You are clumsy. (Dex -2) [potion of
                  | mutation]
  1810 | D:3      | Lost mutation: You are clumsy. (Dex -2) [potion of
                  | mutation]
  2541 | D:4      | Reached skill level 5 in Short Blades
  2541 | D:4      | Reached skill level 2 in Long Blades
  2541 | D:4      | Reached skill level 2 in Axes
  2541 | D:4      | Reached skill level 2 in Maces & Flails
  2541 | D:4      | Reached skill level 2 in Polearms
  2541 | D:4      | Reached skill level 2 in Staves
  2541 | D:4      | Reached skill level 2 in Slings
  2541 | D:4      | Reached skill level 2 in Bows
  2541 | D:4      | Reached skill level 2 in Crossbows
  2541 | D:4      | Reached skill level 2 in Throwing
  2541 | D:4      | Reached skill level 2 in Armour
  2541 | D:4      | Reached skill level 5 in Dodging
  2541 | D:4      | Reached skill level 2 in Shields
  2541 | D:4      | Reached skill level 2 in Unarmed Combat
  2541 | D:4      | Reached skill level 2 in Spellcasting
  2541 | D:4      | Reached skill level 2 in Evocations
  2719 | D:4      | Reached XP level 7. HP: 32/52 MP: 10/10
  2894 | D:4      | Found a shimmering altar of Xom.
  2903 | D:4      | Became a worshipper of Xom of Chaos
  3058 | D:4      | XOM: harmless Tmut miscast
  3191 | D:4      | XOM: silly message
  3221 | D:5      | Entered Level 5 of the Dungeon
  3233 | D:5      | Found a staircase to the Ecumenical Temple.
  3291 | D:5      | XOM: divination: magic mapping
  3334 | D:5      | Found a glowing silver altar of Zin.
  3576 | D:5      | Noticed Jessica
  3577 | D:5      | Killed Jessica
  3583 | D:5      | Found a deep blue altar of Sif Muna.
  3716 | D:5      | XOM: scenery: 2 doors close
  3717 | D:5      | XOM: divine lightning
  3790 | D:6      | XOM: scenery: create altars
  3893 | D:6      | XOM: summons 4 friendly demons
  3894 | D:6      | Noticed Pikel
  3899 | D:6      | Reached skill level 2 in Conjurations
  3899 | D:6      | Reached skill level 2 in Charms
  3899 | D:6      | Reached skill level 2 in Summonings
  3899 | D:6      | Reached skill level 2 in Necromancy
  3899 | D:6      | Reached skill level 2 in Translocations
  3899 | D:6      | Reached skill level 2 in Transmutations
  3899 | D:6      | Reached skill level 2 in Ice Magic
  3899 | D:6      | Reached skill level 2 in Air Magic
  3899 | D:6      | Reached skill level 2 in Earth Magic
  3899 | D:6      | Reached skill level 2 in Poison Magic
  3902 | D:6      | Reached skill level 3 in Hexes
  3911 | D:6      | Paralysed by Pikel for 2 turns
  3916 | D:6      | Killed Pikel
  3916 | D:6      | Reached skill level 5 in Stealth
  3916 | D:6      | Reached skill level 3 in Invocations
  3916 | D:6      | Reached XP level 8. HP: 43/60 MP: 10/12
  3985 | D:6      | XOM: cast spell 'Summon Mana Viper'
  4014 | D:6      | Found Ifias's Book Boutique.
  4143 | D:6      | Reached skill level 4 in Fighting
  4143 | D:6      | Reached skill level 3 in Long Blades
  4143 | D:6      | Reached skill level 3 in Axes
  4143 | D:6      | Reached skill level 3 in Maces & Flails
  4143 | D:6      | Reached skill level 3 in Polearms
  4143 | D:6      | Reached skill level 3 in Staves
  4143 | D:6      | Reached skill level 3 in Slings
  4143 | D:6      | Reached skill level 3 in Bows
  4143 | D:6      | Reached skill level 3 in Crossbows
  4143 | D:6      | Reached skill level 3 in Throwing
  4143 | D:6      | Reached skill level 3 in Armour
  4143 | D:6      | Reached skill level 3 in Shields
  4143 | D:6      | Reached skill level 3 in Unarmed Combat
  4143 | D:6      | Reached skill level 3 in Spellcasting
  4143 | D:6      | Reached skill level 3 in Evocations
  4289 | D:6      | XOM: cloud trail
  4390 | D:6      | XOM: mild Hex miscast
  4393 | D:6      | XOM: harmless Conj miscast
  4550 | D:6      | XOM is BORED!
  4550 | D:6      | XOM: mild Tloc miscast
  5046 | D:7      | Noticed a hippogriff
  5124 | D:7      | Reached skill level 4 in Invocations
  5131 | D:7      | Found a basalt altar of Yredelemnul.
  5160 | D:7      | Reached skill level 3 in Conjurations
  5160 | D:7      | Reached skill level 3 in Charms
  5160 | D:7      | Reached skill level 3 in Summonings
  5160 | D:7      | Reached skill level 3 in Necromancy
  5160 | D:7      | Reached skill level 3 in Translocations
  5160 | D:7      | Reached skill level 3 in Transmutations
  5160 | D:7      | Reached skill level 3 in Ice Magic
  5160 | D:7      | Reached skill level 3 in Air Magic
  5160 | D:7      | Reached skill level 3 in Earth Magic
  5160 | D:7      | Reached skill level 3 in Poison Magic
  5165 | D:7      | XOM: chaos upgrade
  5167 | D:7      | Reached XP level 9. HP: 50/66 MP: 14/14
  5173 | D:7      | Reached skill level 6 in Short Blades
  5173 | D:7      | Reached skill level 6 in Dodging
  5179 | D:7      | Reached skill level 5 in Fire Magic
  5281 | D:7      | Found a stormy altar of Qazlal.
  5319 | D:7      | Found a sacrificial altar of Ru.
  5378 | D:7      | XOM: give mutations
  5378 | D:7      | Gained mutation: You are dopey. (Int -2) [Xom's mischief]
  5378 | D:7      | Gained mutation: You are clumsy. (Dex -2) [Xom's mischief]
  5378 | D:7      | Gained mutation: You are weak. (Str -2) [Xom's mischief]
  5715 | D:7      | Reached skill level 4 in Long Blades
  5715 | D:7      | Reached skill level 4 in Axes
  5715 | D:7      | Reached skill level 4 in Maces & Flails
  5715 | D:7      | Reached skill level 4 in Polearms
  5715 | D:7      | Reached skill level 4 in Staves
  5715 | D:7      | Reached skill level 4 in Slings
  5715 | D:7      | Reached skill level 4 in Bows
  5715 | D:7      | Reached skill level 4 in Crossbows
  5715 | D:7      | Reached skill level 4 in Throwing
  5715 | D:7      | Reached skill level 4 in Armour
  5715 | D:7      | Reached skill level 4 in Shields
  5715 | D:7      | Reached skill level 4 in Unarmed Combat
  5715 | D:7      | Reached skill level 4 in Spellcasting
  5715 | D:7      | Reached skill level 4 in Hexes
  5715 | D:7      | Reached skill level 4 in Evocations
  5763 | D:7      | XOM: scenery: create altars
  5884 | D:8      | XOM: scenery: create altars
  5894 | D:8      | XOM: fog
  5898 | D:8      | Reached skill level 5 in Fighting
  5898 | D:8      | Reached skill level 6 in Stealth
  5905 | D:7      | HP: 15/68 [wight/+4 flail (3)]
  6140 | D:8      | XOM is BORED!
  6140 | D:8      | XOM: summons 1 hostile shadow creature
  6154 | D:8      | XOM: harmless Ice miscast
  6303 | D:7      | XOM: mild Ice miscast
  6322 | D:8      | XOM: harmless Necr miscast
  6368 | D:7      | XOM: god gift: 8 exploding tomahawks
  6406 | D:8      | XOM: swap monsters
  6418 | D:8      | XOM: noise
  6419 | D:8      | XOM: swap monsters
  6568 | D:8      | Noticed a queen bee
  6719 | D:8      | Noticed a hornet
  6728 | D:7      | Paralysed by a hornet for 2 turns
  6730 | D:7      | Noticed a troll
  6730 | D:7      | a hornet changed into a troll
  6730 | D:7      | XOM: polymorph hornet -> troll
  6739 | D:7      | Killed a troll
  6739 | D:7      | Reached skill level 5 in Invocations
  7102 | D:7      | XOM: harmless Chrm miscast
  7109 | D:7      | XOM: smoke on damage
  7120 | D:7      | HP: 16/68 [worker ant (6)]
  7308 | D:7      | XOM: confuse monster(s)
  7371 | D:8      | Reached XP level 10. HP: 71/74 MP: 17/17
  7400 | D:8      | Learned a level 2 spell: Poisonous Vapours
  7468 | D:8      | Reached skill level 4 in Conjurations
  7468 | D:8      | Reached skill level 4 in Charms
  7468 | D:8      | Reached skill level 4 in Summonings
  7468 | D:8      | Reached skill level 4 in Necromancy
  7468 | D:8      | Reached skill level 4 in Translocations
  7468 | D:8      | Reached skill level 4 in Transmutations
  7468 | D:8      | Reached skill level 4 in Ice Magic
  7468 | D:8      | Reached skill level 4 in Air Magic
  7468 | D:8      | Reached skill level 4 in Earth Magic
  7468 | D:8      | Reached skill level 4 in Poison Magic
  7526 | D:8      | XOM: mild Summ miscast
  7528 | D:8      | XOM: cast spell 'Cause Fear'
  7592 | D:8      | XOM: 1-stop teleportation journey
  7791 | D:8      | XOM: polymorph orc priest -> iguana
  8024 | D:8      | Reached skill level 5 in Long Blades
  8024 | D:8      | Reached skill level 5 in Axes
  8024 | D:8      | Reached skill level 5 in Maces & Flails
  8024 | D:8      | Reached skill level 5 in Polearms
  8024 | D:8      | Reached skill level 5 in Staves
  8024 | D:8      | Reached skill level 5 in Slings
  8024 | D:8      | Reached skill level 5 in Bows
  8024 | D:8      | Reached skill level 5 in Crossbows
  8024 | D:8      | Reached skill level 5 in Throwing
  8024 | D:8      | Reached skill level 5 in Armour
  8024 | D:8      | Reached skill level 5 in Shields
  8024 | D:8      | Reached skill level 5 in Unarmed Combat
  8024 | D:8      | Reached skill level 5 in Spellcasting
  8024 | D:8      | Reached skill level 5 in Evocations
  8078 | D:8      | XOM: harmless Chrm miscast
  8231 | D:8      | XOM: blink monster(s)
  8299 | D:8      | Learned a level 3 spell: Conjure Flame
  8334 | D:8      | Reached skill level 7 in Short Blades
  8334 | D:8      | Reached skill level 7 in Dodging
  8542 | D:8      | Found a bloodstained altar of Trog.
  8849 | D:9      | Found Meitho's Jewellery Boutique.
  8853 | D:9      | Bought an uncursed ring of wizardry for 420 gold pieces
  8871 | D:9      | XOM: cast spell 'Alistair's Intoxication'
  8976 | D:9      | XOM: enchant monster (bad)
  9015 | D:9      | Reached skill level 6 in Fighting
  9049 | D:9      | XOM: confusion
  9052 | D:9      | Reached skill level 5 in Hexes
  9141 | D:9      | Found a runed translucent door.
  9151 | D:9      | Found a radiant altar of Vehumet.
  9236 | D:9      | XOM: mild Air miscast
  9431 | D:9      | Found a runed translucent door.
  9462 | D:9      | Reached skill level 6 in Fire Magic
  9462 | D:9      | Reached skill level 6 in Invocations
  9494 | D:9      | Reached skill level 7 in Stealth
  9522 | D:9      | XOM: chaos cloud
  9541 | D:9      | XOM: enchant monster (bad)
  9735 | D:9      | XOM: harmless Conj miscast
  9863 | D:9      | Found a runed translucent door.
  9877 | D:9      | Found a runed translucent door.
  9951 | D:9      | Noticed an ice statue
 10002 | D:10     | Entered Level 10 of the Dungeon
 10021 | D:10     | XOM: 1-stop teleportation journey
 10089 | D:10     | Reached XP level 11. HP: 27/82 MP: 19/19
 10357 | D:10     | Noticed a two-headed ogre
 10373 | D:10     | Killed a two-headed ogre
 10542 | D:10     | XOM: blink monster(s)
 10546 | D:10     | XOM: summons friendly ufetubus
 10739 | D:10     | XOM: noise
 10964 | D:11     | XOM: harmless Erth miscast
 10966 | D:11     | Reached skill level 6 in Long Blades
 10966 | D:11     | Reached skill level 6 in Axes
 10966 | D:11     | Reached skill level 6 in Maces & Flails
 10966 | D:11     | Reached skill level 6 in Polearms
 10966 | D:11     | Reached skill level 6 in Staves
 10966 | D:11     | Reached skill level 6 in Slings
 10966 | D:11     | Reached skill level 6 in Bows
 10966 | D:11     | Reached skill level 6 in Crossbows
 10966 | D:11     | Reached skill level 6 in Throwing
 10966 | D:11     | Reached skill level 6 in Armour
 10966 | D:11     | Reached skill level 6 in Shields
 10966 | D:11     | Reached skill level 6 in Unarmed Combat
 10966 | D:11     | Reached skill level 6 in Spellcasting
 10966 | D:11     | Reached skill level 6 in Evocations
 11082 | D:11     | XOM: confuse monster(s)
 11089 | D:11     | Reached skill level 5 in Conjurations
 11089 | D:11     | Reached skill level 5 in Charms
 11089 | D:11     | Reached skill level 5 in Summonings
 11089 | D:11     | Reached skill level 5 in Necromancy
 11089 | D:11     | Reached skill level 5 in Translocations
 11089 | D:11     | Reached skill level 5 in Transmutations
 11089 | D:11     | Reached skill level 5 in Ice Magic
 11089 | D:11     | Reached skill level 5 in Air Magic
 11089 | D:11     | Reached skill level 5 in Earth Magic
 11089 | D:11     | Reached skill level 5 in Poison Magic
 11288 | D:11     | XOM: cleaving
 11315 | D:11     | XOM: cast spell 'Chain of Chaos'
 11347 | D:11     | XOM: blink monster(s)
 11359 | D:11     | XOM: scenery: create altars
 11371 | D:11     | XOM: confusion (+ monsters)
 11398 | D:11     | HP: 17/82 [yak (10)]
 11428 | D:11     | HP: 16/82 [yak (6)]
 11662 | D:11     | Found a staircase to the Lair.
 11777 | D:11     | XOM: harmless Hex miscast
 11808 | D:11     | HP: 17/82 [something (5)]
 11810 | D:11     | HP: 7/82 [something (2)]
 11810 | D:11     | HP: 2/82 [centaur/arrow (5)]
 11812 | D:11     | Slain by an unseen horror

Skill      XL: |  1  2  3  4  5  6  7  8  9 10 11 |
---------------+----------------------------------+-----
Hexes          | 2 3 4 5 |  5.5
Invocations    | 1 2 3 4 5 6 |  6.7
Long Blades    | 1 2 3 4 5 6 |  6.1
Axes           | 1 2 3 4 5 6 |  6.1
Maces & Flails | 1 2 3 4 5 6 |  6.1
Polearms       | 1 2 3 4 5 6 |  6.1
Staves         | 1 2 3 4 5 6 |  6.1
Slings         | 1 2 3 4 5 6 |  6.1
Bows           | 1 2 3 4 5 6 |  6.1
Crossbows      | 1 2 3 4 5 6 |  6.1
Throwing       | 1 2 3 4 5 6 |  6.1
Armour         | 1 2 3 4 5 6 |  6.1
Shields        | 1 2 3 4 5 6 |  6.1
Unarmed Combat | 1 2 3 4 5 6 |  6.1
Spellcasting   | 1 2 3 4 5 6 |  6.1
Evocations     | 1 2 3 4 5 6 |  6.1
Fighting       | 3 4 5 6 |  6.7
Conjurations   | 1 2 3 4 5 |  5.1
Charms         | 1 2 3 4 5 |  5.1
Summonings     | 1 2 3 4 5 |  5.1
Necromancy     | 1 2 3 4 5 |  5.1
Translocations | 1 2 3 4 5 |  5.1
Transmutations | 1 2 3 4 5 |  5.1
Fire Magic     | 4 5 6 |  6.4
Ice Magic      | 1 2 3 4 5 |  5.1
Air Magic      | 1 2 3 4 5 |  5.1
Earth Magic    | 1 2 3 4 5 |  5.1
Poison Magic   | 1 2 3 4 5 |  5.1
Short Blades   | 5 6 7 |  7.7
Dodging        | 5 6 7 |  7.7
Stealth        | 5 6 7 |  7.5

Action                   |  1- 3 |  4- 6 |  7- 9 | 10-12 || total
-------------------------+-------+-------+-------+-------++-------
Melee: Dagger            |    90 |   121 |   418 |   551 ||  1180
       Bite              |     7 |    19 |    63 |    71 ||   160
       Punch             |       |       |     9 |    16 ||    25
       Halberd           |       |       |       |     3 ||     3
 Cast: Poisonous Vapours |       |       |       |    55 ||    55
       Conjure Flame     |       |       |       |     6 ||     6
Evoke: Wand              |       |       |    16 |     5 ||    21
  Use: Scroll            |     1 |     7 |     3 |     8 ||    19
       Potion            |       |     3 |     3 |     1 ||     7
 Stab: Sleeping          |     5 |       |     1 |     6 ||    12
       Distracted        |       |       |     2 |     2 ||     4
       Confused          |       |       |     2 |     1 ||     3
  Eat: Chunk             |     1 |     5 |    11 |    19 ||    36
       Ration            |       |       |     1 |       ||     1
Armor: Robe              |     1 |       |       |       ||     1
       Ring mail         |    10 |    31 |       |       ||    41
       Scale mail        |       |     1 |   153 |   169 ||   323
       Skin              |       |       |    23 |       ||    23
Dodge: Dodged            |    58 |    85 |   213 |   284 ||   640

Levels and vault maps discovered:
D:1:      scummos_arrival_simple_crosswalls, layout_basic
D:2:      minmay_razor_zed, layout_basic
D:3:      layout_basic, serial_bayou_crossing, uniq_sigmund
D:4:      layout_layer_cave, lemuel_round_altar, chequers_jeans
D:5:      layout_rooms, tgw_sif, nicolae_overflow_hidden_temple,
          minmay_temple_entry_drinking_statues, first_ration,
          kennysheep_generic_room_12
D:6:      lemuel_ice_spiral_2, layout_basic, serial_shops, kennysheep_mini_moat,
          uniq_pikel
D:7:      layout_rooms, overflow_temple_1_default, yredelemnul_altar_generic,
          grunt_qazlal_clouds
D:8:      layout_basic, lemuel_crystal_altar, david_nohive_1
D:9:      layout_basic, fiery_altar_vehumet, serial_shops,
          nicolae_shop_statue_plus, minmay_statue_crystal_thing
D:10:     layout_rooms
D:11:     layout_big_octagon, lair_entry_dummy, uniq_snorg, uniq_sonja

Table legend:
 A = Turns spent in this place as a percentage of turns spent in the entire game.
 B = Non-inter-level travel turns spent in this place as a percentage of non-inter-level travel turns spent in the entire game.
 C = Inter-level travel turns spent in this place as a percentage of turns spent in this place.
 D = Turns resting spent in this place as a percentage of non-inter-level travel turns spent in this place.
 E = Turns spent auto-exploring this place as a percentage of non-inter-level travel turns spent in this place.
 F = Non-inter-level travel turns spent in this place divided by the number of levels of this place that you've seen.
                   A       B       C       D       E      F
               +-------+-------+-------+-------+-------+----------------------
         Total | 100.0 | 100.0 |   4.2 |  19.2 |  58.7 | 1028.2
       Dungeon | 100.0 | 100.0 |   4.2 |  19.2 |  58.7 | 1028.2
               +-------+-------+-------+-------+-------+----------------------

Table legend:
 A = Kills in this place as a percentage of kills in entire the game.
 B = Kills by you in this place as a percentage of kills by you in the entire game.
 C = Kills by friends in this place as a percentage of kills by friends in the entire game.
 D = Other kills in this place as a percentage of other kills in the entire game.
 E = Experience gained in this place as a percentage of experience gained in the entire game.
 F = Experience gained in this place divided by the number of levels of this place that you have seen.
                   A       B       C       D       E      F
               +-------+-------+-------+-------+-------+----------------------
         Total | 100.0 | 100.0 | 100.0 | 100.0 | 100.0 | 1168.7
       Dungeon | 100.0 | 100.0 | 100.0 | 100.0 | 100.0 | 1168.7
               +-------+-------+-------+-------+-------+----------------------
